AoeStats
← [CL] Al3jandr0.magn00

MegaRandom

505514949Analyzed
1v1 RM · 22d ago on Sep 9, 2026· 35m 15s· 2 players
Game mode
Random Map
Map size
Tiny (2 player)
Population
200
Speed
Normal
Resources
Standard
Victory
Conquest
Starting age
Dark Age
Ending age
Imperial Age
RankedLock teamsTeams togetherTeam positionsShared explorationLock speedFull tech treeHidden civsTurbo modeCheats
Victory
Defeat
🇩🇪 Tupi · Germany
2100
+10
🇦🇷 Malians · Argentina
1962
-10
[CL] Al3jandr0.magn00
7:17 Loom
9:47 Feudal Age
9:50 Man-at-Arms
10:41 Double-Bit Axe
13:57 Town Watch
13:55 Horse Collar
15:49 Fletching
21:42 Wheelbarrow
24:23 Castle Age
25:25 Bodkin Arrow
25:49 Bow Saw
27:22 Guard Tower
Edgar Davids
7:44 Loom
11:28 Feudal Age
16:15 Castle Age
15:12 Fletching
16:23 Town Watch
17:27 Bodkin Arrow
23:15 Padded Archer Armor
32:51 Gold Mining
32:48 Double-Bit Axe
33:43 Horse Collar
34:43 Wheelbarrow
Connection lost

Rejoining the realm…

Still unreachable

The connection could not be restored.

Session expired

The server has moved on; the page needs a fresh start.